AoeStats
← Ano

Arabia

507337133Analyzed
3v3 RM · 15d ago on Sep 17, 2026· 64m 45s· 6 players
Game mode
Random Map
Map size
Normal (6 player)
Population
200
Speed
Normal
Resources
Standard
Victory
Conquest
Starting age
Dark Age
Ending age
Imperial Age
RankedLock teamsTeams togetherTeam positionsShared explorationLock speedFull tech treeHidden civsTurbo modeCheats
Victory
Defeat
🇺🇸 Vietnamese · United States
679
+16
🇺🇸 Teutons · United States
642
+18
🇵🇱 Poles · Poland
638
+18
🇵🇹 Vietnamese · Portugal
870
-82
🇵🇹 Vikings · Portugal
592
-14
🇵🇹 Maya · Portugal
569
-13
Gumar
13:54 Feudal Age
15:22 Double-Bit Axe
16:03 Horse Collar
25:42 Castle Age
26:57 Bow Saw
27:14 Heavy Plow
32:07 Gold Mining
39:03 Imperial Age
36:52 Stone Mining
37:58 Loom
38:17 Elite Skirmisher
38:37 Pikeman
41:23 Stone Shaft Mining
40:50 Caravan
41:28 Fletching
41:38 Padded Archer Armor
42:41 Wheelbarrow
41:52 Town Watch
42:42 Crop Rotation
43:36 Bodkin Arrow
43:57 Leather Archer Armor
44:49 Chemistry
44:10 Ballistics
44:43 Light Cavalry
45:33 Bloodlines
45:24 Husbandry
44:44 Cavalier
45:33 Szlachta Privileges
45:49 Conscription
45:18 Crossbowman
46:04 Thumb Ring
46:24 Onager
47:37 Arbalester
48:21 Imperial Skirmisher
53:57 Heavy Cavalry Archer
55:30 Squires
56:12 Winged Hussar
mzupan
13:02 Feudal Age
12:19 Loom
14:27 Double-Bit Axe
14:27 Horse Collar
21:10 Castle Age
22:11 Wheelbarrow
21:25 Town Watch
22:36 Bow Saw
25:04 Hand Cart
25:13 Heavy Plow
26:33 Town Patrol
28:22 Gold Mining
28:23 Stone Mining
28:47 Redemption
30:23 Stone Shaft Mining
30:44 Bloodlines
32:15 Ballistics
32:10 Masonry
36:41 Imperial Age
38:31 Chemistry
37:38 Siege Engineers
38:36 Two-Man Saw
37:50 Forging
37:41 Scale Mail Armor
37:43 Pikeman
38:24 Squires
38:11 Arson
38:47 Caravan
38:40 Halberdier
38:53 Capped Ram
40:02 Conscription
39:27 Elite Teutonic Knight
41:13 Ironclad
41:15 Crenellations
44:26 Iron Casting
46:52 Blast Furnace
46:09 Chain Mail Armor
46:07 Heavy Scorpion
48:44 Elite Skirmisher
51:22 Bombard Tower
51:21 Imperial Skirmisher
58:35 Plate Mail Armor
Ano
13:39 Feudal Age
14:00 Horse Collar
14:08 Double-Bit Axe
17:16 Gold Mining
25:44 Castle Age
25:20 Man-at-Arms
26:32 Crossbowman
27:53 Long Swordsman
30:58 Pikeman
31:39 Squires
31:35 Stone Mining
32:58 Elite Skirmisher
40:47 Bow Saw
40:40 Heavy Plow
41:47 Chatras
43:00 Stone Shaft Mining
WESSAI
11:41 Feudal Age
12:13 Loom
13:03 Wheelbarrow
12:22 Double-Bit Axe
12:19 Horse Collar
12:49 Gold Mining
15:10 Stone Mining
22:12 Castle Age
21:42 Padded Archer Armor
21:33 Fletching
22:35 Crossbowman
24:30 Leather Archer Armor
24:11 Bodkin Arrow
26:53 Bow Saw
27:09 Heavy Plow
29:37 Thumb Ring
33:25 Imperial Age
33:19 Ballistics
33:46 Capped Ram
33:57 Arbalester
37:33 Chemistry
36:25 Siege Ram
40:35 Two-Man Saw
40:06 Crop Rotation
☄ sANT ☩
5:35 Loom
11:27 Feudal Age
20:25 Scale Mail Armor
23:00 Forging
24:55 Castle Age
32:20 Chain Mail Armor
32:46 Iron Casting
32:17 Scale Barding Armor
39:13 Imperial Age
39:19 Imperial Age
39:44 Elite Berserk
41:06 Chain Barding Armor
42:06 Crossbowman
44:08 Arbalester
47:51 Cavalier
58:09 Bogsveigar
58:13 Chieftains
hErN1
11:50 Feudal Age
12:55 Horse Collar
15:14 Double-Bit Axe
20:21 Padded Archer Armor
20:12 Fletching
25:39 Castle Age
23:40 Stone Mining
23:40 Gold Mining
26:34 Bow Saw
27:50 Heavy Plow
27:37 Elite Skirmisher
31:13 Stone Shaft Mining
30:18 Light Cavalry
32:36 Ballistics
33:45 Bloodlines
33:47 Scale Barding Armor
41:00 Leather Archer Armor
40:42 Bodkin Arrow
41:08 Chain Barding Armor
44:46 Imperial Age
43:00 Crossbowman
43:46 Thumb Ring
46:26 Paper Money
48:44 Cavalier
49:48 Arbalester
52:38 Imperial Skirmisher
56:24 Ring Archer Armor
57:19 Paper Money
60:06 Chemistry
58:57 Guard Tower
Connection lost

Rejoining the realm…

Still unreachable

The connection could not be restored.

Session expired

The server has moved on; the page needs a fresh start.